 Dungeon Crawl Stone Soup version 0.22.1-1-ga44c0e56f4 (webtiles) character file.

27974 KleinerIrrer the Grappler (level 13, 0/77 HPs)
             Began as an Octopode Fighter on Oct 28, 2018.
             Was the Champion of Cheibriados.
             Slain by a gargoyle
             ... wielding a +0 morningstar
              (10 damage)
             ... on level 12 of the Dungeon.
             The game lasted 00:42:48 (21243 turns).

KleinerIrrer the Grappler (Octopode Fighter)       Turns: 21243, Time: 00:42:50

Health: 0/77       AC:  4    Str: 32    XL:     13   Next: 35%
Magic:  28/28      EV: 26    Int: 30    God:    Cheibriados [******]
Gold:   828        SH: 15    Dex: 30    Spells: 11/12 levels left

rFire    . . .     SeeInvis .     - Unarmed
rCold    . . .     Gourm    .   a - +0 shield
rNeg     . . .     Faith    .   f - +3 hat of Pondering {ponderous, MR+ MP+10 Int+5}
rPois    .         Spirit   .   (no amulet)
rElec    .         Reflect  .   (no ring)
rCorr    .         Harm     .   (no ring)
MR       +....                  (no ring)
Stlth    +++.......             (no ring)
HPRegen  0.22/turn              (no ring)
MPRegen  0.21/turn              (no ring)
                                (no ring)
                                (no ring)

@: very slightly contaminated, very slow
A: almost no armour, stealthy swim, amphibious, 8 rings, constrict 8, camouflage
1, gelatinous body 1
a: Bend Time, Temporal Distortion, Slouch, Step From Time, Renounce Religion


You were on level 12 of the Dungeon.
You worshipped Cheibriados.
Cheibriados was exalted by your worship.
You were not hungry.

You visited 4 branches of the dungeon, and saw 18 of its levels.

You collected 844 gold pieces.
You spent 16 gold pieces at shops.

Inventory:

Armour
 a - a +0 shield (worn)
 f - the +3 hat of Pondering (worn) {ponderous, MR+ MP+10 Int+5}
   (You took it off Gastronok on level 11 of the Dungeon)

   It affects your intelligence (+5).
   It affects your resistance to hostile enchantments.
   It affects your magic capacity (+10).
Jewellery
 k - an uncursed ring of ice
Wands
 e - a wand of flame (32)
 h - a wand of acid (17)
 m - a wand of clouds (4)
 n - a wand of paralysis (16)
 x - a wand of polymorph (21)
 y - a wand of disintegration (35)
 z - a wand of iceblast (10)
Scrolls
 d - a scroll of fog
 j - 11 scrolls of remove curse
 o - a scroll of enchant armour {unknown}
 p - 2 scrolls of enchant weapon {unknown}
 q - 2 scrolls of fear {unknown}
 s - 3 scrolls of magic mapping
 u - a scroll of immolation {unknown}
 w - a scroll of acquirement {unknown}
Potions
 g - 5 potions of flight
 i - a potion of lignification
 r - 6 potions of curing
 t - 2 potions of cancellation
 v - a potion of mutation {unknown}
 B - a potion of agility
Miscellaneous
 b - a phial of floods (inert)
 A - a lightning rod (1/4)
Comestibles
 c - 34 rations
 D - 10 chunks of flesh


   Skills:
 - Level 3.0 Fighting
 * Level 11.6 Dodging
 * Level 11.2 Shields
 + Level 14.1 Unarmed Combat
 + Level 1.1 Translocations
 * Level 7.3 Evocations


You had 11 spell levels left.
You knew the following spells:

 Your Spells              Type           Power        Failure   Level  Hunger
a - Apportation           Tloc           #.....       10%         1    ##.....

Your spell library contained the following spells:

 Spells                   Type           Power        Failure   Level  Hunger
 Animate Skeleton         Necr           N/A          16%         1    ##.....
 Confusing Touch          Hex            #.....       16%         1    ##.....
 Summon Small Mammal      Summ           #...         16%         1    ##.....
 Poisonous Vapours        Pois/Air       #.....       24%         2    ###....
 Conjure Flame            Conj/Fire      #.......     43%         3    ####...
 Mephitic Cloud           Conj/Pois/Air  #.......     43%         3    ####...
 Freezing Cloud           Conj/Ice/Air   #.........   100%        6    #######
 Ring of Flames           Chrm/Fire      #.........   100%        7    #######


Dungeon Overview and Level Annotations

Branches:
Dungeon (12/15)            Temple (1/1) D:5            Lair (4/6) D:8
  Swamp (0/4) Lair:2       Spider (0/4) Lair:3          Orc (1/2) D:12

Altars:
Ashenzari
Cheibriados
Dithmenos
Elyvilon
Fedhas
Gozag
Hepliaklqana
Kikubaaqudgha
Makhleb
Nemelex Xobeh
Okawaru
Qazlal
Ru
Sif Muna
Trog
Uskayaw
Vehumet
Wu Jian
Xom
Yredelemnul
Zin
The Shining One
Beogh

Shops:
D:11 !

Annotations:
D:10 exclusion: orange crystal statue
Lair:1 3 runed doors, Dommiel19's ghost, journeyman MiBe
Lair:2 3 runed doors, exclusion: 3 oklob plants, Flubber's ghost, journeyman MiFi
Lair:3 1 runed door, martinkus's ghost, journeyman GrEE


Innate Abilities, Weirdness & Mutations

You cannot wear most types of armour.
You are very stealthy in the water. (Stealth+)
You are amphibious.
You can wear up to eight rings at the same time.
You can use your tentacles to constrict eight enemies at once.
Your skin changes colour to match your surroundings (Stealth+).
Your rubbery body absorbs attacks. (AC +1, EV +1)


Message History

You block the steam dragon's attack.
As you read the scroll of fog, it crumbles to dust.
The scroll dissolves into smoke.
Something misses you. You block the steam dragon's attack.
The steam dragon completely misses you. Something hits you!
* * * LOW HITPOINT WARNING * * *
Deactivating autopickup; reactivate with Ctrl-A.
You tentacle-slap something. Your squeeze misses something. Something hits you!
* * * LOW HITPOINT WARNING * * *
You block the steam dragon's attack. x2
You hear a distant blaring wail to the northeast.
You hear a shout! x2; You hear a bellow!
You hear an angry hiss.
You hear a bellow! x2; You hear a shout!
Something barely misses you.
A bullfrog comes into view.
The gargoyle hurls a stone arrow at you.
You block the stone arrow. The adder completely misses you.
The steam dragon barely misses you. The steam dragon completely misses you.
The gargoyle hits you with a morningstar!
You die...

.# #.# #.##
#.#.# #.#.##
#G#.#.#
##§#§#..#
#D#F#§..#
#§#@#§§..#
#§#S#9§§..#
#§#§#§{§#..#
#.#.#§§§##
(#
#.#.#.§.##
#.#.#.....
.#.#...#..
.#...##..


You could see a steam dragon, a gargoyle, a bullfrog and an adder.

Vanquished Creatures
  Gastronok (D:11)
  Harold (D:8)
  A hydra (D:11)
  3 two-headed ogres
  An unseen horror (D:12)
  An orc knight (D:12)
  An ugly thing (D:11)
  A manticore (D:11)
  A centaur zombie (D:11)
  5 elephants (Lair:4)
  2 black mambas
  9 spiny frogs
  A torpor snail (Lair:2)
  4 komodo dragons
  2 trolls
  2 hornets
  A slime creature (D:12)
  7 blink frogs
  2 hippogriffs
  2 wyverns
  A wraith (D:12)
  2 basilisks
  14 yaks
  A vampire mosquito (D:12)
  A hungry ghost (D:10)
  3 wargs
  9 water moccasins
  7 porcupines
  11 orc warriors
  2 phantoms
  A black bear (Lair:2)
  3 ice beasts
  2 sky beasts
  6 ogres
  A necrophage (D:11)
  3 centaurs
  3 crocodiles
  8 big kobolds
  3 gnoll sergeants (D:12)
  14 bullfrogs
  A scorpion (D:10)
  2 wyvern skeletons
  7 killer bees
  3 howler monkeys
  4 crimson imps (D:10)
  2 bullfrog zombies
  A quasit (D:8)
  10 orc priests
  4 jellies
  A gnoll shaman (D:4)
  7 hounds
  3 centaur skeletons
  2 bullfrog skeletons (D:5)
  10 orc wizards
  Jessica (D:3)
  An iguana (D:8)
  6 worker ants
  A worker ant zombie (D:9)
  14 gnolls
  6 adders
  A howler monkey skeleton (D:5)
  3 shadow imps
  A worm (D:4)
  3 dart slugs
  3 leopard geckos
  76 orcs
  9 bats
  3 giant cockroaches
  5 goblins
  8 hobgoblins
  16 jackals
  10 kobolds
  6 quokkas
  4 frilled lizards
  4 rats
381 creatures vanquished.

Vanquished Creatures (collateral kills)
  An elephant (Lair:4)
1 creature vanquished.

Vanquished Creatures (others)
  2 fungi (Lair:4)
  12 plants
14 creatures vanquished.

Grand Total: 396 creatures vanquished

Notes
Turn   | Place    | Note
-------+----------+-------------------------------------------
     0 | D:1      | KleinerIrrer the Octopode Fighter began the quest for the
                  | Orb.
     0 | D:1      | Reached XP level 1. HP: 16/16 MP: 1/1
   193 | D:1      | Reached XP level 2. HP: 16/21 MP: 2/2
   437 | D:1      | Reached skill level 3 in Unarmed Combat
   489 | D:1      | Reached XP level 3. HP: 23/26 MP: 3/3
  1218 | D:2      | HP: 1/26 [orc priest/divine providence (9)]
  1585 | D:2      | Reached skill level 4 in Unarmed Combat
  1585 | D:2      | Reached XP level 4. HP: 5/31 MP: 4/4
  1969 | D:2      | Found a sparkling altar of Nemelex Xobeh.
  2364 | D:2      | Found a sparkling altar of Nemelex Xobeh.
  2641 | D:3      | Found a faded altar of an unknown god.
  2641 | D:3      | Found a faded altar of an unknown god.
  2646 | D:3      | Found a glowing silver altar of Zin.
  2648 | D:3      | Found an ornate altar of the Wu Jian Council.
  2650 | D:3      | Found a shattered altar of Ashenzari.
  2887 | D:3      | Noticed Jessica
  2899 | D:3      | Reached skill level 5 in Unarmed Combat
  2904 | D:3      | Killed Jessica
  2904 | D:3      | Reached XP level 5. HP: 29/36 MP: 5/5
  3049 | D:3      | Found an opulent altar of Gozag.
  3257 | D:3      | Found a hide-covered altar of Uskayaw.
  3323 | D:3      | Found a bloodstained altar of Trog.
  3656 | D:4      | Reached skill level 1 in Evocations
  3686 | D:4      | Reached skill level 6 in Unarmed Combat
  3686 | D:4      | Reached XP level 6. HP: 40/42 MP: 6/6
  4653 | D:4      | Noticed a phantom
  5316 | D:4      | Reached skill level 7 in Unarmed Combat
  5375 | D:4      | Reached XP level 7. HP: 39/46 MP: 7/7
  5571 | D:5      | Entered Level 5 of the Dungeon
  5979 | D:5      | Reached skill level 8 in Unarmed Combat
  6683 | D:5      | Reached XP level 8. HP: 42/52 MP: 8/8
  6920 | D:5      | Found a staircase to the Ecumenical Temple.
  6952 | Temple   | Entered the Ecumenical Temple
  7069 | Temple   | Became a worshipper of Cheibriados the Contemplative
  7111 | D:5      | Reached skill level 9 in Unarmed Combat
  8931 | D:6      | Found a hide-covered altar of Uskayaw.
  9001 | D:6      | Reached skill level 10 in Unarmed Combat
  9144 | D:6      | You fall through a shaft for 3 floors!
  9144 | D:9      | Noticed a wyvern
  9157 | D:9      | Killed a wyvern
  9395 | D:9      | Noticed a yak
  9395 | D:9      | Noticed a yak
  9396 | D:9      | Noticed a yak
  9396 | D:9      | Noticed a yak
  9397 | D:9      | Noticed a yak
  9412 | D:9      | Killed a yak
  9412 | D:9      | Reached skill level 5 in Dodging
  9733 | D:9      | Reached XP level 9. HP: 52/56 MP: 9/9
  9809 | D:8      | Reached * piety under Cheibriados
 10822 | D:7      | Reached ** piety under Cheibriados
 10902 | D:8      | Noticed Harold
 10919 | D:8      | Killed Harold
 10919 | D:8      | Reached skill level 5 in Shields
 11190 | D:8      | Found a staircase to the Lair.
 11218 | D:8      | Found a shimmering altar of Xom.
 11398 | D:8      | Reached XP level 10. HP: 63/63 MP: 10/10
 11976 | D:9      | Found a basalt altar of Yredelemnul.
 12437 | D:9      | Reached *** piety under Cheibriados
 12514 | D:9      | Found a white marble altar of Elyvilon.
 12667 | D:9      | Noticed a two-headed hydra
 12754 | D:10     | Entered Level 10 of the Dungeon
 13106 | D:10     | Noticed an orange crystal statue
 13180 | D:10     | Noticed a two-headed ogre
 13186 | D:10     | Killed a two-headed ogre
 13186 | D:10     | Reached skill level 10 in Dodging
 13186 | D:10     | Reached skill level 11 in Unarmed Combat
 13203 | D:10     | Found a stormy altar of Qazlal.
 13308 | D:10     | Reached XP level 11. HP: 60/67 MP: 11/13
 13351 | D:10     | Noticed a two-headed ogre
 13362 | D:10     | Killed a two-headed ogre
 13682 | D:10     | Reached **** piety under Cheibriados
 13685 | D:10     | Found a roughly hewn altar of Beogh.
 14007 | D:11     | Found Zimaip's Distillery.
 14011 | D:11     | Bought a potion of degeneration for 16 gold pieces
 14065 | D:11     | Noticed an eight-headed hydra
 14082 | D:11     | Noticed Gastronok
 14103 | D:11     | Noticed a green ugly thing
 14105 | D:11     | Killed Gastronok
 14110 | D:11     | Killed a green ugly thing
 14542 | D:11     | Reached ***** piety under Cheibriados
 14599 | D:11     | Found a shattered altar of Ashenzari.
 14737 | D:11     | Reached skill level 12 in Unarmed Combat
 15092 | D:11     | Killed an eight-headed hydra
 15369 | D:11     | Noticed a manticore
 15384 | D:11     | Killed a manticore
 15819 | Lair:1   | Entered Level 1 of the Lair of Beasts
 15946 | Lair:1   | Reached skill level 5 in Evocations
 15956 | Lair:1   | Reached XP level 12. HP: 72/72 MP: 15/15
 16423 | Lair:1   | Found a runed gate.
 16424 | Lair:1   | Found a runed gate.
 16425 | Lair:1   | Found a runed gate.
 16425 | Lair:1   | Noticed Dommiel19's ghost (journeyman MiBe)
 16427 | Lair:1   | Noticed an 11-headed hydra
 16443 | Lair:1   | Found a radiant altar of Vehumet.
 17174 | Lair:2   | Reached skill level 10 in Shields
 17622 | Lair:2   | Found a runed gate.
 17623 | Lair:2   | Found a runed gate.
 17624 | Lair:2   | Found a runed gate.
 17647 | Lair:2   | You fall through a shaft for 2 floors!
 17673 | Lair:4   | Reached skill level 13 in Unarmed Combat
 18097 | Lair:3   | Found a hole to the Spider Nest.
 18616 | Lair:3   | Reached ****** piety under Cheibriados
 18914 | Lair:3   | Found a runed door.
 18921 | Lair:3   | Noticed martinkus's ghost (journeyman GrEE)
 19072 | Lair:2   | Noticed a minotaur
 19088 | Lair:2   | Noticed Flubber's ghost (journeyman MiFi)
 19097 | Lair:2   | Found a staircase to the Swamp.
 19429 | Lair:2   | Learned a level 1 spell: Apportation
 19835 | Lair:4   | Reached XP level 13. HP: 60/77 MP: 18/18
 20396 | D:12     | Found a staircase to the Orcish Mines.
 20401 | D:12     | Reached skill level 1 in Translocations
 20488 | Orc:1    | Entered Level 1 of the Orcish Mines
 20913 | Orc:1    | Noticed an orc warlord
 20929 | D:12     | Reached skill level 14 in Unarmed Combat
 21243 | D:12     | Slain by a gargoyle

Skill      XL: |  1  2  3  4  5  6  7  8  9 10 11 12 13 |
---------------+----------------------------------------+-----
Unarmed Combat | 3 4 5 6 7 8 10 11 12 13 14 | 14.1
Evocations     | 1 2 5 6 7 |  7.3
Dodging        | 5 9 10 11 | 11.6
Shields        | 5 7 9 10 11 | 11.2
Translocations | 1 |  1.1
Fighting       | |  3.0

Action                   |  1- 3 |  4- 6 |  7- 9 | 10-12 | 13-15 || total
-------------------------+-------+-------+-------+-------+-------++-------
Melee: Unarmed           |    77 |   114 |   222 |   421 |   134 ||   968
       Constrict         |    24 |    33 |    45 |    78 |    26 ||   206
       Tentacles         |    16 |    22 |    58 |   168 |    47 ||   311
       Punch             |     1 |     6 |    16 |    82 |    26 ||   131
 Cast: Apportation       |       |       |       |     4 |       ||     4
Evoke: Wand              |       |       |     1 |       |       ||     1
       Lightning rod     |       |       |       |     3 |     2 ||     5
       Phial of floods   |       |       |       |     1 |       ||     1
  Use: Scroll            |       |     7 |     4 |     5 |     3 ||    19
       Potion            |       |       |     2 |     3 |     1 ||     6
 Stab: Sleeping          |     6 |     7 |     6 |    12 |     3 ||    34
       Distracted        |       |       |     1 |     2 |       ||     3
  Eat: Chunk             |     2 |     8 |    14 |    15 |     1 ||    40
       Ration            |       |     1 |     1 |     1 |       ||     3
Armor: Skin              |     5 |     3 |     5 |     9 |     1 ||    23
Dodge: Dodged            |    23 |    35 |    81 |   188 |    94 ||   421
Block: Shield            |    21 |    43 |    70 |   215 |   103 ||   452
